 Dungeon Crawl Stone Soup version 0.19.1 (webtiles) character file.

376 Firecrotchwizard the Conjurer (level 6, -5/32 HPs)
             Began as a Deep Elf Conjurer on Dec 19, 2016.
             Slain by a phantom (10 damage)
             ... on level 4 of the Dungeon.
             The game lasted 00:09:19 (3265 turns).

Firecrotchwizard the Conjurer (Deep Elf Conjurer)   Turns: 3265, Time: 00:09:20

Health: -5/32      AC:  2    Str:  7    XL:     6   Next: 44%
Magic:  12/16      EV: 13    Int: 20    God:
Gold:   314        SH:  0    Dex: 15    Spells: 4 memorised, 4 levels left

rFire  . . .     SeeInvis .     y - +4 scythe (flame)
rCold  . . .     Gourm    .     a - +0 robe
rNeg   . . .     Faith    .     (shield currently unavailable)
rPois  .         Spirit   .     (no helmet)
rElec  .         Reflect  .     (no cloak)
rCorr  .         Harm     .     (no gloves)
MR     +....                    (no boots)
Stlth  ++........               (no amulet)
                                (no ring)
                                e - ring of protection from magic

@: flying
A: no striking features
a: no special abilities


You were on level 4 of the Dungeon.
You were hungry.

You visited 1 branch of the dungeon, and saw 4 of its levels.

You collected 314 gold pieces.

Inventory:

Hand Weapons
 h - a +0 dagger
 j - a +0 spear
 y - a +4 scythe of flaming (weapon)
Armour
 a - a +0 robe (worn)
Jewellery
 e - a ring of protection from magic (left hand)
Scrolls
 g - a scroll of immolation {unknown}
 k - a scroll of magic mapping {unknown}
 l - 5 scrolls of identify {unknown}
 n - a scroll of noise {unknown}
 p - a scroll of recharging {unknown}
 q - 2 scrolls of amnesia {unknown}
 s - a scroll of random uselessness {unknown}
 u - a scroll of teleportation {unknown}
 v - a scroll of enchant armour {unknown}
 w - a scroll of remove curse {unknown}
 x - a scroll of fear {unknown}
Potions
 d - a potion of degeneration {unknown}
 f - a potion of invisibility {unknown}
 o - a potion of flight
 r - a potion of beneficial mutation {unknown}
 t - 2 potions of curing {unknown}
Books
 b - a book of Conjurations

   Spells                             Type                      Level
   a - Magic Dart                     Conjuration                  1
   b - Searing Ray                    Conjuration                  2
   c - Dazzling Spray                 Conjuration/Hexes            3
   d - Fulminant Prism                Conjuration/Hexes            4
   e - Iskenderun's Mystic Blast      Conjuration                  4
   f - Iskenderun's Battlesphere      Conjuration/Charms           5
Comestibles
 c - 3 bread rations
 i - 7 fruits
 m - 2 meat rations


   Skills:
 - Level 2.4 Dodging
 - Level 2.4 Stealth
 + Level 5.8 Spellcasting
 * Level 7.3 Conjurations
 + Level 1.3 Charms


You had 4 spell levels left.
You knew the following spells:

 Your Spells              Type           Power        Failure   Level  Hunger
a - Magic Dart            Conj           ####         1%          1    None
b - Searing Ray           Conj           #####.       1%          2    None
c - Iskenderun's Mystic   Conj           #####...     8%          4    ####...
d - Iskenderun's Battles  Conj/Chrm      ###.....     58%         5    #####..


Dungeon Overview and Level Annotations

Branches:
Dungeon (4/15)
 Temple: D:4-7

Altars:
Elyvilon
Okawaru

Annotations:
D:4 Eustachio


Message History

* * * LOW HITPOINT WARNING * * *
The phantom hits you.
* * * LOW HITPOINT WARNING * * *
It was a potion of flight.
You feel very buoyant.
You fly up into the air.
The phantom blinks!
The phantom blinks!
Found a faded altar of an unknown god.
Your magical contamination has completely faded away.
Eustachio the Magnificent comes into view.
He is wielding a falchion of draining.
You are too injured to fight recklessly!
Casting: Magic Dart
Confirm with . or Enter, or press ? or * to list all spells.
Aiming: Magic Dart
Press: ? - help, Shift-Dir - straight line, f/p - phantom
Aim: a phantom (moderately damaged)
The magic dart hits the phantom.
The phantom is moderately damaged.
The phantom hits you!
You die...

#....#_#...'............
#...##.##..#############
#..##.@.##.# #..#..
..#.# #..#.# #.#.#
#.##.###.###
#.##.#_...##
#.'..#...._#
####.#_@..## #.###W##
#.###.# #[.#..# ##...##
##.## #_# ###


You could see a phantom.

Vanquished Creatures
  Sigmund (D:3)
  A hound (D:4)
  A worker ant (D:4)
  Natasha (D:4)
  4 gnolls (D:2)
  3 adders
  3 oozes
  2 worms (D:2)
  A dart slug (D:1)
  2 leopard geckos
  An orc (D:4)
  4 giant cockroaches
  A goblin (D:1)
  6 hobgoblins
  11 jackals
  A quokka (D:3)
  8 bats
  2 frilled lizards
  6 kobolds
  6 rats
65 creatures vanquished.

Notes
Turn   | Place    | Note
-------+----------+-------------------------------------------
     0 | D:1      | Firecrotchwizard the Deep Elf Conjurer began the quest for the Orb.
     0 | D:1      | Reached XP level 1. HP: 10/10 MP: 6/6
   168 | D:1      | Reached XP level 2. HP: 15/15 MP: 5/8
   225 | D:1      | Learned a level 2 spell: Searing Ray
   541 | D:1      | Reached skill level 5 in Conjurations
   916 | D:2      | Reached XP level 3. HP: 19/19 MP: 8/10
  1584 | D:2      | Reached XP level 4. HP: 24/24 MP: 6/12
  1590 | D:2      | Learned a level 4 spell: Iskenderun's Mystic Blast
  2028 | D:3      | Noticed Sigmund
  2379 | D:3      | Reached skill level 6 in Conjurations
  2422 | D:3      | Found an iron altar of Okawaru.
  2665 | D:3      | Killed Sigmund
  2665 | D:3      | Reached skill level 5 in Spellcasting
  2665 | D:3      | Reached skill level 7 in Conjurations
  2665 | D:3      | Reached XP level 5. HP: 15/28 MP: 1/15
  2665 | D:3      | Reached XP level 6. HP: 17/32 MP: 1/16
  2817 | D:3      | Learned a level 5 spell: Iskenderun's Battlesphere
  3059 | D:4      | Noticed Natasha
  3064 | D:4      | Killed Natasha
  3064 | D:4      | Reached skill level 1 in Charms
  3235 | D:4      | Found a faded altar of an unknown god.
  3235 | D:4      | Found a white marble altar of Elyvilon.
  3240 | D:4      | Found a faded altar of an unknown god.
  3242 | D:4      | Found a faded altar of an unknown god.
  3257 | D:4      | Found a faded altar of an unknown god.
  3261 | D:4      | Noticed Eustachio
  3265 | D:4      | Slain by a phantom

Skill      XL: |  1  2  3  4  5  6 |
---------------+-------------------+-----
Conjurations   | 5 7 |  7.3
Spellcasting   | 4 5 |  5.8
Charms         | 1 |  1.3
Dodging        | |  2.4
Stealth        | |  2.4

Action                   |  1- 3 |  4- 6 || total
-------------------------+-------+-------++-------
Melee: Dagger            |    10 |       ||    10
       Scythe            |       |     6 ||     6
 Cast: Magic Dart        |    83 |    68 ||   151
       Searing Ray       |     1 |     1 ||     2
       Iskenderun's Myst |       |     1 ||     1
  Use: Potion            |       |     1 ||     1
 Stab: Sleeping          |       |     1 ||     1
  Eat: Chunk             |     2 |     3 ||     5
       Beef jerky        |       |     1 ||     1
Armor: Robe              |     2 |     2 ||     4
Dodge: Dodged            |    15 |     9 ||    24
